 Dungeon Crawl Stone Soup version 0.22.1-1-ga44c0e5 (webtiles) character file.

272742 Jawreze the Executioner (level 19, -17/182 HPs)
             Began as a Minotaur Berserker on Nov 2, 2018.
             Was the Champion of Trog.
             Killed from afar by a deep elf annihilator (72 damage)
             ... with a crystal spear
             ... on level 3 of the Elven Halls on Nov 4, 2018.
             The game lasted 03:21:24 (43765 turns).

Jawreze the Executioner (Minotaur Berserker)       Turns: 43765, Time: 03:21:25

Health: -17/182    AC: 31    Str: 26    XL:     19   Next: 48%
Magic:  18/18      EV: 15    Int:  4    God:    Trog [******]
Gold:   446        SH:  0    Dex: 14    Spells: 18/18 levels left

rFire    . . .     SeeInvis +   w - +7 executioner's axe (flame)
rCold    + . .     Gourm    .   (shield currently unavailable)
rNeg     + . .     Faith    .   M - +3 plate armour {rC+}
rPois    +         Spirit   .   A - +2 hat
rElec    .         Reflect  .   y - +0 cloak {rPois}
rCorr    .         Harm     .   I - +2 pair of gloves
MR       ++++.                  N - +0 pair of boots
Stlth    ..........             s - amulet of regeneration
HPRegen  1.80/turn              O - ring of see invisible
MPRegen  0.16/turn              o - ring "Ribleor" {rN+ MR+}

@: lethally poisoned (-17 -> -17), very slightly contaminated, regenerating,
hasted, very quick
A: retaliatory headbutt, horns 2
}: 2/15 runes: decaying, serpentine
a: Berserk, Trog's Hand, Brothers in Arms, Renounce Religion


You were on level 3 of the Elven Halls.
You worshipped Trog.
Trog was exalted by your worship.
You were not hungry.

You visited 6 branches of the dungeon, and saw 29 of its levels.
You also visited: Ice Cave.

You collected 4252 gold pieces.
You spent 3806 gold pieces at shops.

Inventory:

Hand Weapons
 e - a +4 longbow of velocity
 t - a +4 battleaxe of electrocution
 w - a +7 executioner's axe of flaming (weapon)
 D - a +2 antimagic battleaxe
 T - the +8 shortbow of the Viper {venom, -Tele +Inv rElec Dex+5}
   (Trog gifted it to you on level 2 of the Orcish Mines)

   It poisons the ammo it fires.
   It affects your dexterity (+5).
   It insulates you from electricity.
   It lets you turn invisible.
   It prevents most forms of teleportation.
Missiles
 Y - 691 stones (quivered)
 Z - 544 arrows
Armour
 y - a +0 cloak of poison resistance (worn)
 A - a +2 hat (worn)
 I - a +2 pair of gloves (worn)
 M - a +3 plate armour of cold resistance (worn)
 N - a +0 pair of boots (worn)
Jewellery
 d - a +5 ring of protection
 j - an uncursed ring of positive energy
 n - an uncursed amulet of the acrobat
 o - the ring "Ribleor" (right hand) {rN+ MR+}
   (You bought it in a shop on level 3 of the Snake Pit)

   [ring of protection from magic]

   It protects you from negative energy.
   It affects your resistance to hostile enchantments.
 p - an uncursed ring of protection from cold
 s - an amulet of regeneration (around neck)
 O - a ring of see invisible (left hand)
 Q - an uncursed ring of protection from cold
 X - the ring of the Nightingale {rElec Str+3 Slay+3 Stlth-}
   (You bought it in a shop on level 3 of the Snake Pit)

   [ring of attention]

   It affects your strength (+3).
   It affects your accuracy and damage with ranged weapons and melee attacks
   (+3).
   It insulates you from electricity.
   It makes you less stealthy.
Wands
 h - a wand of iceblast (34)
 x - a wand of acid (39)
 L - a wand of digging (21)
 W - a wand of scattershot (5)
Scrolls
 f - 12 scrolls of remove curse
 v - 10 scrolls of teleportation
 C - a scroll of fog
 E - 5 scrolls of magic mapping
 G - 7 scrolls of identify
 J - 2 scrolls of fear
 K - 3 scrolls of enchant armour
 R - a scroll of brand weapon
 V - 3 scrolls of blinking
Potions
 a - a potion of resistance
 b - 3 potions of invisibility
 i - 3 potions of cancellation
 k - 6 potions of mutation
 l - 3 potions of agility
 m - 2 potions of flight
 q - 7 potions of haste
 r - 2 potions of magic
 u - 5 potions of brilliance
 z - 3 potions of lignification
 B - 4 potions of might
 F - 12 potions of curing
 H - 3 potions of berserk rage
 P - 4 potions of heal wounds
 S - 2 potions of ambrosia {unknown}
Miscellaneous
 g - a box of beasts
Comestibles
 c - 32 rations
 U - a chunk of flesh


   Skills:
 + Level 19.0 Fighting
 * Level 24.8 Axes
 + Level 14.0 Bows
 + Level 18.7 Armour
 + Level 12.2 Dodging


You had 18 spell levels left.
You didn't know any spells.
Your spell library was empty.

Dungeon Overview and Level Annotations

Branches:
Dungeon (10/15)            Temple (0/1) D:6            Lair (6/6) D:8
  Swamp (4/4) Lair:3        Snake (4/4) Lair:4        Slime (0/5) Lair:5
    Orc (2/2) D:9             Elf (3/3) Orc:2

Altars:
Kikubaaqudgha
Makhleb
Nemelex Xobeh
Sif Muna
Vehumet
The Shining One
Beogh
Jiyva

Shops:
D:7 }   Orc:1 *   Orc:2 [![}   Elf:2 *   Elf:3 ?!!   Snake:3 (=   Snake:4 (

Annotations:
D:5 2 transporters
Lair:1 exclusion: 2 downstairs
Lair:5 1 runed door


Innate Abilities, Weirdness & Mutations

You reflexively headbutt those who attack you in melee.
You have a pair of horns on your head.


Message History

The bolt of lightning misses you.
The deep elf high priest utters a dark prayer and points at you.
Your life force is offered up.
You hear rumbling.
You feel yourself speed up.
The deep elf annihilator casts a spell.
The deep elf annihilator blinks!
The deep elf high priest invokes the aid of its god against you.
Something smites you!
* * * LOW HITPOINT WARNING * * *
You feel sick.
The deep elf high priest unwields an uncursed scimitar of electrocution.
It stops crackling.
The deep elf high priest wields a shortbow.
The deep elf high priest shoots an arrow.
The arrow closely misses you.
The deep elf annihilator shouts!
The deep elf annihilator casts a spell at you.
The crystal spear hits you!
You die...

........∩.∩.....)................
..........))....)................
.................................
≈≈≈≈≈≈≈≈≈≈.).≈≈≈≈≈≈≈≈≈≈≈≈≈≈≈≈≈≈≈≈
≈≈≈≈≈≈≈≈≈≈...≈≈≈≈≈≈≈≈≈≈≈≈≈≈≈≈≈≈≈≈
##########'''####################
........................
..............e..)......
####'######@####e#######
......'.....)'........
.......#(....)#e....... ......
#.....(#........ ###
#####((######### #..# #..# #..#
+## #######§.#


You could see 2 deep elf annihilators and a mace of protection.

Vanquished Creatures
  3 sphinxes (Elf:2)
  4 thorn hunters
  15 nagarajas
  Roxanne (Snake:1)
  A deep elf sorcerer (Elf:3)
  A deep elf elementalist (Elf:3)
  2 deep elf demonologists
  A deep elf annihilator (Elf:3)
  A dire elephant (Lair:6)
  2 deep elf death magi (Elf:3)
  A fire dragon (Elf:2)
  4 ogre magi (Orc:2)
  17 hydras
  33 naga warriors
  Harold (Lair:1)
  2 ice dragons (IceCv)
  Fannar (Lair:3)
  A catoblepas (Lair:4)
  2 ghost crabs
  16 alligators
  8 anacondas
  27 dancing weapons
  3 death yaks
  3 two-headed ogres
  Urug (Orc:1)
  22 naga sharpshooters
  Sonja (Lair:4)
  6 shock serpents
  16 deep elf knights
  Nergalle (Orc:2)
  4 salamander mystics
  3 spriggan druids
  5 swamp dragons (Swamp:4)
  10 naga ritualists
  2 shambling mangroves
  Pikel (D:7)
  An orc knight (Orc:2)
  2 lindwurms
  2 harpies (Elf:2)
  11 ugly things
  11 deep elf archers
  49 deep elf magi
  6 mana vipers
  8 orc sorcerers
  An oklob plant (Lair:6)
  A cyclops (Orc:2)
  24 elephants
  9 salamanders
  33 black mambas
  11 manticores (Elf:2)
  2 ice statues (IceCv)
  17 spiny frogs
  18 naga magi
  12 guardian serpents
  4 torpor snails (Lair:6)
  5 rime drakes
  5 komodo dragons
  15 hornets
  6 trolls
  A troll (shapeshifter) (Elf:1)
  22 tyrant leeches
  9 polar bears (Lair:6)
  8 bog bodies
  3 slime creatures (Swamp:3)
  2 raiju (Lair:6)
  13 blink frogs
  7 hippogriffs
  4 spriggans
  2 air elementals
  Sigmund (D:6)
  A shadow (Swamp:2)
  6 water elementals
  A tarantella (shapeshifter) (Elf:2)
  2 wyverns
  A steam dragon (D:9)
  39 yaks
  Grum (D:9)
  2 basilisks
  2 fire elementals (Elf:2)
  2 hungry ghosts (D:8)
  79 nagas
  7 vampire mosquitoes
  4 wargs (Lair:6)
  10 insubstantial wisps
  15 swamp worms
  13 water moccasins
  20 hell hounds
  13 orc warriors
  3 porcupines
  10 swamp drakes
  18 ice beasts
  2 phantoms
  13 black bears
  13 ogres
  A tengu (shapeshifter) (Elf:3)
  15 wolves
  8 crocodiles
  2 centaurs
  A big kobold (D:9)
  13 bullfrogs
  5 earth elementals
  An electric eel (Elf:3)
  3 howler monkeys
  7 crimson imps
  A bullfrog zombie (D:7)
  2 jellies
  17 orc priests
  3 hounds
  A bullfrog skeleton (D:7)
  A centaur skeleton (D:4)
  An iguana (D:8)
  Ijyb (D:5)
  3 worker ants
  38 orc wizards
  A hound skeleton (D:7)
  A worker ant zombie (D:6)
  4 gnolls (D:4)
  8 adders
  5 shadow imps
  12 white imps (Orc:2)
  2 oozes
  An adder skeleton (D:5)
  An adder zombie (D:8)
  4 dart slugs
  3 leopard geckos
  74 orcs
  3 ball pythons
  9 giant cockroaches
  8 goblins
  6 hobgoblins
  3 jackals
  12 kobolds
  4 quokkas
  10 bats
  6 frilled lizards
  4 rats
  A bush (Lair:6)
  4 fungi
  4 plants
1138 creatures vanquished.

Vanquished Creatures (collateral kills)
  5 hydras
  2 swamp dragons (Swamp:4)
  An orc sorcerer (Orc:2)
  A deep elf mage (Elf:1)
  A naga mage (Snake:2)
  3 nagas
  A swamp drake (Swamp:4)
14 creatures vanquished.

Vanquished Creatures (others)
  A naga warrior (Snake:4)
  A spriggan druid (Swamp:3)
  A deep elf archer (Elf:1)
  A spriggan (Swamp:3)
  A water elemental (Elf:2)
  16 fungi
  40 plants
61 creatures vanquished.

Grand Total: 1213 creatures vanquished

Notes
Turn   | Place    | Note
-------+----------+-------------------------------------------
     0 | D:1      | Jawreze the Minotaur Berserker began the quest for the Orb.
     0 | D:1      | Reached XP level 1. HP: 19/19 MP: 0/0
   184 | D:1      | Reached skill level 4 in Axes
   242 | D:1      | Reached XP level 2. HP: 20/26 MP: 1/1
   701 | D:1      | Reached ** piety under Trog
   714 | D:1      | Reached skill level 5 in Axes
   776 | D:1      | Reached XP level 3. HP: 31/31 MP: 2/2
   852 | D:1      | Found a sparkling altar of Nemelex Xobeh.
  1036 | D:2      | Found a glowing golden altar of the Shining One.
  1081 | D:2      | Reached skill level 6 in Axes
  1081 | D:2      | Reached XP level 4. HP: 39/39 MP: 3/3
  1157 | D:2      | Found a burning altar of Makhleb.
  1379 | D:2      | You fall through a shaft!
  1981 | D:3      | Reached XP level 5. HP: 44/45 MP: 4/4
  2527 | D:4      | Reached skill level 7 in Axes
  2631 | D:4      | You fall through a shaft!
  2631 | D:5      | Entered Level 5 of the Dungeon
  2712 | D:5      | Reached *** piety under Trog
  2719 | D:5      | Noticed a water moccasin
  2842 | D:5      | Reached XP level 6. HP: 39/51 MP: 5/5
  3257 | D:4      | Reached skill level 8 in Axes
  3805 | D:5      | Found a transporter.
  3879 | D:5      | Found a transporter.
  3964 | D:5      | Reached skill level 9 in Axes
  3964 | D:5      | Reached XP level 7. HP: 57/57 MP: 6/6
  4042 | D:5      | Noticed Ijyb
  4045 | D:5      | Killed Ijyb
  4181 | D:5      | Reached skill level 5 in Armour
  4443 | D:6      | Noticed Sigmund
  4462 | D:6      | Killed Sigmund
  4462 | D:6      | Reached skill level 10 in Axes
  4462 | D:6      | Reached XP level 8. HP: 64/64 MP: 7/7
  4656 | D:6      | Found a staircase to the Ecumenical Temple.
  4712 | D:6      | Got a jewelled whip
  4762 | D:6      | Reached skill level 11 in Axes
  5823 | D:7      | Found Dehonaumn's Gadget Boutique.
  5834 | D:7      | Bought a wand of iceblast (7) for 121 gold pieces
  5943 | D:7      | Reached skill level 12 in Axes
  6225 | D:7      | Noticed Pikel
  6237 | D:7      | Reached **** piety under Trog
  6255 | D:7      | Killed Pikel
  6255 | D:7      | Reached XP level 9. HP: 70/70 MP: 8/8
  6432 | D:8      | Noticed a two-headed ogre
  6441 | D:8      | Killed a two-headed ogre
  6441 | D:8      | Reached skill level 13 in Axes
  6498 | D:8      | Found a staircase to the Lair.
  6595 | D:8      | Reached skill level 14 in Axes
  6868 | D:8      | Reached skill level 10 in Armour
  6868 | D:8      | Reached XP level 10. HP: 73/77 MP: 9/9
  6892 | D:8      | Got a fine long sword
  7308 | D:7      | Bought a wand of digging (12) for 352 gold pieces
  7367 | Lair:1   | Entered Level 1 of the Lair of Beasts
  7749 | D:9      | Reached skill level 5 in Fighting
  7869 | D:9      | Reached ***** piety under Trog
  7959 | D:9      | Found a staircase to the Orcish Mines.
  7975 | D:9      | Received a gift from Trog
  8210 | D:9      | Noticed Grum
  8223 | D:9      | Killed Grum
  8229 | D:9      | Reached skill level 15 in Axes
  8253 | D:9      | Noticed a two-headed ogre
  8272 | D:9      | Killed a two-headed ogre
  8696 | D:10     | Entered Level 10 of the Dungeon
  8852 | D:8      | Reached XP level 11. HP: 91/91 MP: 10/10
  9338 | Lair:1   | Noticed Harold
  9357 | Lair:1   | Killed Harold
  9357 | Lair:1   | Received a gift from Trog
  9357 | Lair:1   | Reached skill level 16 in Axes
  9727 | Lair:2   | Noticed a five-headed hydra
 10415 | Lair:2   | Received a gift from Trog
 10610 | Lair:2   | Killed a five-headed hydra
 11235 | Lair:3   | Reached skill level 17 in Axes
 11294 | Lair:3   | Found a staircase to the Swamp.
 11343 | Lair:3   | Noticed a six-headed hydra
 11355 | Lair:3   | Killed a ten-headed hydra
 11358 | Lair:3   | Reached XP level 12. HP: 83/103 MP: 11/11
 11913 | Lair:3   | Noticed Fannar
 11935 | Lair:3   | Killed Fannar
 12350 | Lair:4   | Noticed Sonja
 12853 | Lair:4   | Found a staircase to the Snake Pit.
 13185 | Lair:3   | Reached skill level 1 in Bows
 13567 | Lair:4   | Killed Sonja
 13917 | Lair:4   | Reached skill level 10 in Fighting
 14035 | Lair:4   | Noticed a catoblepas
 14074 | Lair:4   | Killed a catoblepas
 14374 | Lair:4   | Reached skill level 18 in Axes
 15029 | Lair:5   | Found a runed door.
 15029 | Lair:5   | Found a viscous altar of Jiyva.
 15030 | Lair:5   | Found a staircase to the Slime Pits.
 15158 | Lair:5   | Received a gift from Trog
 15169 | Lair:5   | Reached skill level 5 in Bows
 15179 | Lair:5   | Reached XP level 13. HP: 96/114 MP: 12/12
 16118 | Lair:6   | Entered Level 6 of the Lair of Beasts
 16591 | Lair:6   | Found a deep blue altar of Sif Muna.
 17329 | Lair:6   | Reached skill level 19 in Axes
 18289 | Lair:6   | Noticed a dire elephant
 18313 | Lair:6   | Killed a dire elephant
 18512 | Lair:6   | Reached XP level 14. HP: 119/125 MP: 4/13
 19269 | Lair:6   | Received a gift from Trog
 19555 | Lair:6   | Found a runed door.
 20302 | Orc:1    | Entered Level 1 of the Orcish Mines
 20386 | Orc:2    | Entered Level 2 of the Orcish Mines
 20684 | Orc:2    | Found a frozen archway.
 20693 | IceCv    | Entered an ice cave
 20722 | IceCv    | Reached skill level 20 in Axes
 20786 | IceCv    | Received a gift from Trog
 20942 | IceCv    | Reached skill level 15 in Armour
 21341 | Orc:2    | Paralysed by an orc sorcerer for 4 turns
 21596 | Orc:2    | Found a staircase to the Elven Halls.
 21716 | Orc:2    | Received a gift from Trog
 22042 | Orc:1    | Noticed Urug
 22058 | Orc:2    | Paralysed by an orc sorcerer for 2 turns
 22220 | Orc:1    | Killed Urug
 22239 | Orc:1    | Received a gift from Trog
 22481 | Orc:1    | Found a roughly hewn altar of Beogh.
 22526 | Orc:1    | Found Hirghuroi's Assorted Antiques.
 22534 | Orc:1    | Bought a lumpy white potion for 19 gold pieces
 22534 | Orc:1    | Bought a scroll of identify for 44 gold pieces
 22534 | Orc:1    | Bought 2 scrolls of identify for 88 gold pieces
 22534 | Orc:1    | Bought a pair of boots for 99 gold pieces
 22750 | Orc:2    | Found Essul's Gadget Shop.
 22819 | Orc:2    | Found an ancient bone altar of Kikubaaqudgha.
 22823 | Orc:2    | Noticed Nergalle
 22834 | Orc:2    | Killed Nergalle
 22849 | Orc:2    | Found Nudyw's Antique Armour Boutique.
 22914 | Orc:2    | Received a gift from Trog
 22920 | Orc:2    | Bought a glowing cloak for 217 gold pieces
 22997 | Orc:2    | Paralysed by an orc sorcerer for 5 turns
 23037 | Orc:2    | Found a roughly hewn altar of Beogh.
 23042 | Orc:2    | Reached ****** piety under Trog
 23042 | Orc:2    | Received a gift from Trog
 23043 | Orc:2    | Got a brightly glowing shortbow {god gift}
 23044 | Orc:2    | Identified the +8 shortbow of the Viper {venom, -Tele +Inv
                  | rElec Dex+5} (Trog gifted it to you on level 2 of the
                  | Orcish Mines)
 23049 | Orc:2    | Found Vowuc's Antique Armour Shop.
 23107 | Orc:2    | Found a radiant altar of Vehumet.
 23133 | Orc:2    | Found Cithruoxt's Distillery.
 23144 | Orc:2    | Bought 2 potions of curing for 72 gold pieces
 23144 | Orc:2    | Bought a potion of heal wounds for 60 gold pieces
 23144 | Orc:2    | Bought a potion of heal wounds for 60 gold pieces
 23292 | Orc:1    | Found a roughly hewn altar of Beogh.
 23527 | Swamp:1  | Entered Level 1 of the Swamp
 23894 | Swamp:1  | Reached XP level 15. HP: 126/137 MP: 4/14
 24066 | Swamp:1  | Reached skill level 5 in Dodging
 24512 | Swamp:2  | Received a gift from Trog
 24702 | Swamp:2  | Noticed a thorn hunter
 24711 | Swamp:2  | Killed a thorn hunter
 25155 | Swamp:2  | Reached skill level 21 in Axes
 25665 | Swamp:2  | Received a gift from Trog
 26264 | Swamp:3  | Reached skill level 10 in Bows
 26304 | Swamp:3  | Noticed a thorn hunter
 26312 | Swamp:3  | Killed a thorn hunter
 26312 | Swamp:3  | Reached skill level 15 in Fighting
 27329 | Swamp:4  | Entered Level 4 of the Swamp
 27695 | Swamp:4  | Noticed a thorn hunter
 27714 | Swamp:4  | Killed a thorn hunter
 27715 | Swamp:4  | Noticed a thorn hunter
 27723 | Swamp:4  | Killed a thorn hunter
 27728 | Swamp:4  | Reached XP level 16. HP: 14/150 MP: 5/15
 28570 | Swamp:4  | Received a gift from Trog
 28725 | Swamp:4  | Got a decaying rune of Zot
 29423 | Snake:1  | Entered Level 1 of the Snake Pit
 29577 | Snake:1  | Received a gift from Trog
 29906 | Snake:1  | Received a gift from Trog
 29928 | Snake:1  | Reached skill level 22 in Axes
 30353 | Snake:1  | Noticed Roxanne
 30432 | Snake:1  | Killed Roxanne
 33314 | Snake:2  | Received a gift from Trog
 33642 | Snake:3  | Reached XP level 17. HP: 136/161 MP: 16/16
 34832 | Snake:3  | Found Ejan's Jewellery Shoppe.
 34836 | Snake:3  | Bought an uncursed ring of see invisible for 165 gold
                  | pieces
 34836 | Snake:3  | Bought the ring of the Nightingale {rElec Str+3 Slay+3
                  | Stlth-} for 444 gold pieces
 34836 | Snake:3  | Bought a +5 ring of protection for 605 gold pieces
 34843 | Snake:3  | Found Olefrebe's Antique Weapon Emporium.
 35458 | Snake:4  | Entered Level 4 of the Snake Pit
 35509 | Snake:4  | Received a gift from Trog
 35881 | Snake:4  | Reached skill level 23 in Axes
 36002 | Snake:4  | Found Omamyone's Antique Weapon Emporium.
 36116 | Snake:3  | Bought the ring "Ribleor" {rN+ MR+} for 398 gold pieces
 36371 | Snake:4  | Received a gift from Trog
 36453 | Snake:4  | Reached skill level 10 in Dodging
 37631 | Snake:4  | Reached XP level 18. HP: 118/172 MP: 17/17
 37686 | Snake:4  | Received a gift from Trog
 38320 | Snake:4  | Received a gift from Trog
 38998 | Snake:4  | Got a serpentine rune of Zot
 39415 | Elf:1    | Entered Level 1 of the Elven Halls
 39866 | Elf:1    | Received a gift from Trog
 39985 | Elf:1    | Reached skill level 24 in Axes
 40904 | Elf:2    | Found Amecu's General Store.
 40921 | Elf:2    | Received a gift from Trog
 41380 | Elf:2    | Bought a scroll of remove curse for 39 gold pieces
 41407 | Elf:2    | Found a runed gate.
 41407 | Elf:2    | Found a runed gate.
 41414 | Elf:2    | Found a runed gate.
 41871 | Elf:2    | Received a gift from Trog
 41892 | Elf:2    | Reached XP level 19. HP: 161/181 MP: 5/18
 42977 | Elf:3    | Entered Level 3 of the Elven Halls
 43019 | Elf:3    | Found Viumei Veewk's Distillery.
 43041 | Elf:3    | Bought a potion of might for 56 gold pieces
 43041 | Elf:3    | Bought a potion of heal wounds for 70 gold pieces
 43041 | Elf:3    | Bought a potion of haste for 140 gold pieces
 43130 | Elf:3    | Found an ancient bone altar of Kikubaaqudgha.
 43308 | Elf:3    | Received a gift from Trog
 43318 | Elf:3    | Found a deep blue altar of Sif Muna.
 43488 | Elf:3    | Found Tokafiz's Distillery.
 43492 | Elf:3    | Bought a potion of haste for 150 gold pieces
 43492 | Elf:3    | Bought a potion of haste for 150 gold pieces
 43492 | Elf:3    | Bought a potion of might for 60 gold pieces
 43574 | Elf:3    | Found Etruot's Magic Scroll Shoppe.
 43645 | Elf:3    | Bought a scroll of remove curse for 45 gold pieces
 43645 | Elf:3    | Bought a scroll of remove curse for 45 gold pieces
 43645 | Elf:3    | Bought a scroll of identify for 30 gold pieces
 43645 | Elf:3    | Bought a scroll of identify for 30 gold pieces
 43645 | Elf:3    | Bought a scroll of identify for 30 gold pieces
 43645 | Elf:3    | Bought a scroll of teleportation for 45 gold pieces
 43645 | Elf:3    | Bought a scroll of blinking for 112 gold pieces
 43645 | Elf:3    | Bought 2 scrolls of identify for 60 gold pieces
 43765 | Elf:3    | Killed from afar by a deep elf annihilator

Skill      XL: |  1  2  3  4  5  6  7  8  9 10 11 12 13 14 15 16 17 18 19 |
---------------+----------------------------------------------------------+-----
Axes           | 4 5 6 7 9 10 12 14 15 17 18 19 20 21 22 23 24 | 24.8
Armour         | 3 4 5 8 10 11 12 13 14 15 16 17 18 | 18.7
Fighting       | 6 8 10 11 13 15 17 18 19 | 19.0
Bows           | 5 7 9 10 11 12 13 14 | 14.0
Dodging        | 4 7 9 10 11 12 | 12.2

Action                   |  1- 3 |  4- 6 |  7- 9 | 10-12 | 13-15 | 16-18 | 19-21 || total
-------------------------+-------+-------+-------+-------+-------+-------+-------++-------
Melee: Hand axe          |    71 |   104 |       |       |       |       |       ||   175
       Headbutt          |    17 |    19 |    43 |   140 |   233 |   149 |    17 ||   618
       War axe           |       |    17 |   189 |   486 |       |       |       ||   692
       Rapier            |       |       |       |     1 |       |       |       ||     1
       Battleaxe         |       |       |       |    95 |     4 |       |     5 ||   104
       Executioner's axe |       |       |       |       |   933 |   636 |    71 ||  1640
 Fire: Blowgun           |       |    13 |       |     4 |       |       |       ||    17
       Shortbow          |       |       |       |    53 |   283 |    24 |       ||   360
       Longbow           |       |       |       |       |    58 |   812 |   170 ||  1040
Throw: Stone             |     2 |       |       |       |       |       |       ||     2
Invok: Berserk           |       |     2 |     6 |     7 |    13 |     3 |       ||    31
       Brothers in Arms  |       |       |       |     2 |     7 |     3 |       ||    12
       Trog's Hand       |       |       |       |       |       |     1 |     1 ||     2
Evoke: Wand              |       |       |       |     8 |     7 |       |       ||    15
  Use: Scroll            |       |     9 |     1 |     2 |    12 |    19 |     6 ||    49
       Potion            |       |       |       |     1 |     1 |     5 |     3 ||    10
  Eat: Chunk             |     1 |     8 |     8 |    25 |    39 |    12 |     6 ||    99
       Ration            |       |     1 |     3 |     2 |     5 |    11 |       ||    22
Armor: Animal skin       |     3 |       |       |       |       |       |       ||     3
       Ring mail         |    15 |    41 |       |       |       |       |       ||    56
       Plate armour      |       |     9 |    93 |   337 |   718 |   481 |    85 ||  1723
Dodge: Dodged            |    46 |    52 |    45 |   184 |   535 |   499 |    97 ||  1458
